AoeStats
← Groove7731

Arabia

510146351Analyzed
1v1 RM · 4d ago on Sep 29, 2026· 31m 16s· 2 players
Game mode
Random Map
Map size
Tiny (2 player)
Population
200
Speed
Normal
Resources
Standard
Victory
Conquest
Starting age
Dark Age
Ending age
Imperial Age
RankedLock teamsTeams togetherTeam positionsShared explorationLock speedFull tech treeHidden civsTurbo modeCheats
Victory
Defeat
🇺🇸 Danes · United States
1347
+16
🇺🇸 Hindustanis · United States
1356
-16
DeusCon
6:50 Loom
9:02 Feudal Age
9:07 Man-at-Arms
9:52 Double-Bit Axe
10:40 Horse Collar
15:00 Fletching
16:58 Arson
21:22 Castle Age
19:57 Scale Mail Armor
21:29 Gold Mining
21:58 Forging
22:11 Squires
22:28 Bow Saw
23:40 Gold Shaft Mining
24:50 Iron Casting
25:18 Wheelbarrow
25:42 Gambesons
29:39 Chain Mail Armor
31:51 Hand Cart
Groove7731
7:48 Loom
9:53 Feudal Age
13:44 Double-Bit Axe
17:49 Scale Barding Armor
18:24 Bloodlines
26:52 Castle Age
24:50 Horse Collar
25:08 Fletching
27:23 Light Cavalry
27:33 Light Cavalry
Connection lost

Rejoining the realm…

Still unreachable

The connection could not be restored.

Session expired

The server has moved on; the page needs a fresh start.